 Dungeon Crawl Stone Soup version 0.29-a0-187-ga23d9638d5 (webtiles) character file.

Game seed: 320190587563250693

55753 pokeman the Eclecticist (level 14, -20/80 HPs)
             Began as a Deep Elf Hedge Wizard on Feb 21, 2022.
             Was a High Priest of Vehumet.
             Demolished by a blink frog (34 damage)
             ... on level 6 of the Lair of Beasts.
             The game lasted 01:08:12 (21518 turns).

pokeman the Eclecticist (Deep Elf Hedge Wizard)    Turns: 21518, Time: 01:08:13

Health: -20/80     AC: 16    Str:  7    XL:     14   Next: 39%
Magic:  33/40      EV:  2    Int: 25    God:    Vehumet [*****.]
Gold:   1645       SH:  0    Dex: 14    Spells: 36/54 levels left

rFire   + + +      SeeInvis +   Y - staff of fire
rCold   x . .      Faith    .   (no shield)
rNeg    . . .      Spirit   .   h - +0 steam dragon scales
rPois   .          Reflect  .   w - +5 helmet of Zin's Supremacy {rF+}
rElec   .          Harm     .   H - scarf {repulsion}
rCorr   .          Rampage  .   F - +0 pair of gloves
Will    +....                   i - +1 pair of boots {Stlth+}
Stlth   +++.......              j - amulet of regeneration
HPRegen 1.03/turn               D - ring of fire
MPRegen 0.27/turn               v - ring of see invisible

@: sleeping, repel missiles
A: no striking features
a: Renounce Religion


You were on level 6 of the Lair of Beasts.
You worshipped Vehumet.
Vehumet was extremely pleased with you.
You visited 3 branches of the dungeon, and saw 20 of its levels.
You also visited: Sewer.

You collected 1645 gold pieces.

Inventory:

Hand Weapons
 m - a +6 dagger of electrocution
 I - a +1 shortbow of freezing
Armour
 h - +0 steam dragon scales (worn)
 i - a +1 pair of boots of stealth (worn)
 w - the +5 helmet of Zin's Supremacy (worn) {rF+}
   (You found it on level 3 of the Dungeon)

   rF:        It protects you from fire.
 F - a +0 pair of gloves (worn)
 H - a scarf of repulsion (worn)
 P - a +0 tower shield
 U - a +0 troll leather armour
Magical Staves
 Y - a staff of fire (weapon)
Jewellery
 j - an amulet of regeneration (around neck)
 s - a ring of willpower
 v - a ring of see invisible (right hand)
 D - a ring of fire (left hand)
 Q - a +6 ring of intelligence
Wands
 b - a wand of digging (2)
 e - a wand of polymorph (7)
 g - a wand of charming (7)
 n - a wand of mindburst (1)
 E - a wand of acid (5)
 K - a wand of iceblast (12)
Scrolls
 l - a scroll of amnesia
 o - 7 scrolls of teleportation
 x - 5 scrolls of enchant armour
 B - 5 scrolls of fear
 N - a scroll of torment
 R - a scroll of brand weapon
 V - 3 scrolls of blinking {unknown}
 W - a scroll of magic mapping {unknown}
Potions
 a - 5 potions of curing
 c - 2 potions of cancellation {unknown}
 d - 3 potions of brilliance {unknown}
 f - 3 potions of ambrosia {unknown}
 k - 4 potions of attraction {unknown}
 p - a potion of invisibility {unknown}
 q - a potion of might
 r - 5 potions of mutation {unknown}
 z - 4 potions of flight
 A - 3 potions of heal wounds
 J - 5 potions of degeneration {unknown}
 M - 2 potions of berserk rage {unknown}
 S - 3 potions of haste {unknown}
 T - a potion of resistance {unknown}


   Skills:
 - Level 6.0 Fighting
 + Level 6.0 Armour
 - Level 3.0 Dodging
 - Level 3.3 Stealth
 - Level 4.0 Shields
 * Level 20.8 Spellcasting
 + Level 12.7 Conjurations
 - Level 1.1 Summonings
 - Level 1.1 Translocations
 + Level 12.1 Fire Magic
 - Level 1.0 Air Magic
 - Level 1.2 Poison Magic
 - Level 1.0 Evocations


You had 36 spell levels left.
You knew the following spells:

 Your Spells              Type           Power      Damage    Failure   Level
a - Magic Dart            Conj           100%       1d8       0%          1
b - Mephitic Cloud        Conj/Pois/Air  50%        N/A       1%          3
c - Call Imp              Summ           31%        N/A       1%          2
d - Blink                 Tloc           62%        N/A       1%          2
e - Conjure Flame         Conj/Fire      100%       6-21      1%          3
f - Flame Wave            Conj/Fire      100%       2d17      1%          4
g - Swiftness             Air            31%        N/A       3%          3

Your spell library contained the following spells:

 Spells                   Type           Power      Damage    Failure   Level
 Hailstorm                Conj/Ice       55%        3d12      1%          4
 Scorch                   Fire           100%       2d10      0%          2
 Searing Ray              Conj           100%       2d8       0%          2
 Slow                     Hex            100%       N/A       1%          1
 Corpse Rot               Necr/Air       56%        N/A       1%          2
 Poisonous Vapours        Pois/Air       62%        N/A       1%          2
 Fulminant Prism          Conj/Hex       27%        3d14      1%          4
 Ensorcelled Hibernation  Hex/Ice        52%        N/A       2%          2
 Passwall                 Tmut/Erth      21%        N/A       2%          2
 Summon Forest            Summ/Tloc      15%        N/A       28%         5
 Eringya's Noxious Bog    Tmut/Pois      14%        N/A       43%         6
 Summon Cactus Giant      Summ           15%        N/A       85%         6
 Summon Hydra             Summ           15%        N/A       100%        7


Dungeon Overview and Level Annotations

Branches:
Dungeon (13/15)            Temple (1/1) D:6            Lair (6/6) D:9
 Shoals (0/4) Lair:2        Snake (0/4) Lair:2          Orc (0/2) D:12
  Sewer (visited)
  Slime: Lair:5-6    Vaults: D:13-14

Altars:
Ashenzari
Cheibriados
Dithmenos
Elyvilon
Fedhas
Gozag
Kikubaaqudgha
Makhleb
Okawaru
Qazlal
Ru
Trog
Vehumet
Xom
Yredelemnul
Zin
The Shining One
Beogh

Shops:
D:1 [   D:5 :   D:9 *   D:13 (

Annotations:
D:3 1 runed translucent door


Message History

The komodo dragon is almost dead.
The flame wave engulfs the blink frog!!
The blink frog is severely wounded.
The flame wave engulfs the polar bear!
The polar bear is moderately wounded. (Press . to intensify the flame waves.)
You hear an angry buzzing noise.
The dream sheep bites the fungus!
The blink frog blinks!
The blink frog hits you. The vampire mosquito bites you.
The vampire mosquito draws strength from your injuries!
The komodo dragon bites you!!
* * * LOW HITPOINT WARNING * * *
The blink frog closely misses you.
Unknown command.
A wave of flame ripples out!
The flame wave engulfs the komodo dragon!!
You kill the komodo dragon!
Vehumet accepts your kill.
You feel your power returning.
The flame wave engulfs the blink frog!!
You kill the blink frog!
Vehumet accepts your kill.
You feel your power returning.
The flame wave engulfs the vampire mosquito!!
The vampire mosquito is severely damaged.
The flame wave engulfs the polar bear!
The polar bear is heavily wounded.
The flame wave engulfs the blink frog!!
The blink frog is almost dead.
The flame wave engulfs the blink frog!
The blink frog is severely wounded.
You hear a croak.
You hear a loud, deep croak!
The vampire mosquito bites you!
* * * LOW HITPOINT WARNING * * *
The vampire mosquito draws strength from your injuries!
The polar bear misses you. The polar bear closely misses you.
The polar bear claws you but does no damage.
The dream sheep shake their wool and sparkle.
You feel drowsy...
You fall asleep.
The blink frog hits you!!
You die...

##.........
##.###.FY.......
.....yYY........
......P.........
.F...FF......
.......Y....
#..F......#
#.#††h.....#
#).@......#
#...yF......
........F......
...###.......^.
.. .......... .
#..........
#..........
...........


You could see a polar bear, 2 cane toads, 4 blink frogs, 2 vampire mosquitoes, a
bullfrog and 4 dream sheep.

Vanquished Creatures
  Harold (D:8)
  5 hydras
  Erica (D:9)
  2 catoblepae
  11 two-headed ogres
  3 centaur warriors (D:13)
  A tengu warrior (D:13)
  4 death yaks (Lair:5)
  Nergalle (Lair:2)
  Lodul (D:11)
  4 ugly things
  2 manticores
  2 cyclopes
  3 black mambas
  2 rust devils (D:6)
  2 centaur zombies (D:10)
  9 elephants
  A gargoyle (D:13)
  11 cane toads
  8 komodo dragons
  2 rime drakes
  An unseen horror (D:12)
  A kobold demonologist (D:9)
  A tengu conjurer (D:13)
  A komodo dragon (shapeshifter) (D:13)
  2 trolls
  2 polar bears
  2 hornets
  13 dream sheep
  10 blink frogs
  Sigmund (D:2)
  A vampire (D:12)
  2 wyverns
  A shadow (D:13)
  A wraith (D:13)
  36 yaks
  5 vampire mosquitoes
  6 basilisks
  A steam dragon (Lair:2)
  4 nagas (Lair:2)
  An acid dragon (D:12)
  Duvessa (D:4)
  12 water moccasins
  A black bear (D:8)
  7 orc warriors
  2 sky beasts
  5 ogres
  17 wolves
  18 centaurs
  4 necrophages
  A tengu (shapeshifter) (D:13)
  The ghost of Cecur the Firebug, an amateur DsFE (D:3)
  5 kobold brigands
  13 bullfrogs
  6 scorpions
  2 gnoll sergeants
  Dowan (D:4)
  8 wights
  3 killer bees (D:9)
  2 electric eels
  A jelly (D:6)
  4 hounds
  9 orc priests
  3 bullfrog skeletons
  2 gnoll shamans
  Jessica (D:2)
  4 iguanas
  A scorpion zombie (D:3)
  13 orc wizards
  A killer bee zombie (D:8)
  A hound zombie (D:5)
  2 howler monkey zombies
  21 gnolls
  9 adders
  6 river rats
  A shadow imp (D:6)
  3 ufetubi
  An adder zombie (D:3)
  A worm (D:4)
  2 dart slugs
  35 orcs
  6 bats
  10 endoplasms
  4 giant cockroaches
  7 goblins
  7 hobgoblins
  2 jackals (Sewer)
  3 quokkas
  11 ball pythons
  5 frilled lizards
  2 giant cockroach zombies (D:3)
  21 kobolds
  3 rats
  A butterfly (Lair:4)
480 creatures vanquished.

Vanquished Creatures (collateral kills)
  A water moccasin (D:6)
  A gnoll (D:6)
  A ball python (D:3)
3 creatures vanquished.

Vanquished Creatures (others)
  A demonspawn (D:1)
  A vine stalker (D:1)
  A troll (D:1)
  2 elves (D:1)
  2 spriggans (D:1)
  A demigod (D:1)
  2 dwarves (D:1)
  An ogre (D:1)
  A human (D:4)
  A mummy (D:1)
  An orc (D:1)
  2 kobolds (D:1)
  44 fungi
  88 plants
  5 tentacles (D:1)
153 creatures vanquished.

Grand Total: 636 creatures vanquished

Notes
Turn   | Place    | Note
-------+----------+-------------------------------------------
     0 | D:1      | pokeman the Deep Elf Hedge Wizard began the quest for the
                  | Orb.
     0 | D:1      | Reached XP level 1. HP: 10/10 MP: 7/7
     2 | D:1      | Noticed an ogre
     2 | D:1      | Noticed a demigod
     2 | D:1      | Noticed an elf
     2 | D:1      | Noticed a dwarf
     2 | D:1      | Noticed a dwarf
     2 | D:1      | Noticed a kraken
     2 | D:1      | Noticed a troll
     2 | D:1      | Noticed a demonspawn
     2 | D:1      | Noticed an elf
     2 | D:1      | Noticed a vine stalker
     2 | D:1      | Noticed a spriggan
     2 | D:1      | Noticed a spriggan
     6 | D:1      | Killed a demonspawn
    10 | D:1      | Killed a dwarf
    10 | D:1      | Killed a vine stalker
    11 | D:1      | Killed an elf
    12 | D:1      | Killed a spriggan
    14 | D:1      | Killed an elf
    15 | D:1      | Killed a spriggan
    17 | D:1      | Killed a troll
    18 | D:1      | Killed an ogre
    18 | D:1      | Killed a dwarf
    18 | D:1      | Killed a demigod
   210 | D:1      | Reached XP level 2. HP: 16/16 MP: 7/9
   254 | D:1      | Found a faded altar of an unknown god.
   414 | D:1      | Reached skill level 5 in Spellcasting
   628 | D:1      | Reached XP level 3. HP: 20/20 MP: 8/11
  1132 | D:1      | Found Muzepua's Armour Emporium.
  1359 | D:2      | Reached skill level 1 in Fighting
  1510 | D:2      | Noticed Jessica
  1513 | D:2      | Killed Jessica
  1514 | D:2      | Reached skill level 1 in Armour
  1514 | D:2      | Reached XP level 4. HP: 25/25 MP: 8/13
  1786 | D:2      | You fall into a shaft and drop 1 floor!
  1814 | D:3      | Learned a level 3 spell: Mephitic Cloud
  1817 | D:3      | Learned a level 2 spell: Blink
  1820 | D:3      | Learned a level 2 spell: Call Imp
  1824 | D:3      | Learned a level 3 spell: Conjure Flame
  1888 | D:3      | Reached skill level 6 in Spellcasting
  1899 | D:3      | Reached XP level 5. HP: 29/29 MP: 4/15
  1988 | D:3      | Found a basalt altar of Yredelemnul.
  2161 | D:3      | Found a runed translucent door.
  2163 | D:3      | Noticed Cecur's ghost (amateur DsFE)
  2215 | D:2      | Noticed Sigmund
  2231 | D:2      | Killed Sigmund
  2232 | D:2      | Reached skill level 1 in Fire Magic
  2232 | D:2      | Reached XP level 6. HP: 18/34 MP: 2/17
  3116 | D:3      | Reached skill level 7 in Spellcasting
  3158 | D:3      | Identified the +5 helmet of Zin's Supremacy {rF+}
  3325 | D:3      | Found a runed translucent door.
  3504 | D:3      | Killed Cecur's ghost
  3505 | D:3      | Reached skill level 1 in Evocations
  3818 | D:4      | Found an ancient bone altar of Kikubaaqudgha.
  3818 | D:4      | Noticed a human
  3821 | D:4      | Killed a human
  3907 | D:4      | Reached skill level 1 in Air Magic
  4027 | D:4      | Reached XP level 7. HP: 38/38 MP: 20/20
  4246 | D:4      | Found a snail-covered altar of Cheibriados.
  4343 | D:4      | Reached skill level 1 in Poison Magic
  4547 | D:5      | Entered Level 5 of the Dungeon
  4591 | D:5      | Noticed Duvessa
  4591 | D:5      | Noticed Dowan
  4615 | D:4      | Killed Duvessa
  4616 | D:4      | Reached skill level 8 in Spellcasting
  4621 | D:4      | Killed Dowan
  5012 | D:5      | Found a glowing drain.
  5021 | Sewer    | Entered a sewer
  5217 | Sewer    | Reached skill level 9 in Spellcasting
  5217 | Sewer    | Reached XP level 8. HP: 45/45 MP: 9/23
  5334 | Sewer    | Found a white marble altar of Elyvilon.
  5834 | D:5      | Reached skill level 5 in Conjurations
  6038 | D:5      | Found Rupuxu Tata's Book Shoppe.
  6185 | D:5      | Reached skill level 10 in Spellcasting
  6513 | D:6      | Found a staircase to the Ecumenical Temple.
  6522 | Temple   | Entered the Ecumenical Temple
  6571 | Temple   | Became a worshipper of Vehumet
  7088 | D:6      | Reached XP level 9. HP: 46/50 MP: 18/25
  7300 | D:6      | Noticed a two-headed ogre
  7318 | D:6      | Killed a two-headed ogre
  7319 | D:6      | Reached skill level 11 in Spellcasting
  7319 | D:6      | Reached skill level 5 in Fire Magic
  7900 | D:5      | Noticed a rust devil
  7900 | D:5      | Noticed a rust devil
  8076 | D:6      | Killed a rust devil
  8077 | D:6      | Reached skill level 12 in Spellcasting
  8168 | D:6      | Killed a rust devil
  8329 | D:7      | Found a broken altar of Ashenzari.
  8354 | D:7      | Reached XP level 10. HP: 56/56 MP: 25/28
  8373 | D:7      | Reached * piety under Vehumet
  8373 | D:7      | Offered knowledge of Shock by Vehumet.
  8774 | D:7      | Reached skill level 13 in Spellcasting
  9540 | D:8      | Noticed Harold
  9556 | D:8      | Killed Harold
  9920 | D:8      | Learned a level 4 spell: Flame Wave
 10177 | D:8      | Reached ** piety under Vehumet
 10177 | D:8      | Offered knowledge of Sandblast by Vehumet.
 10178 | D:8      | Reached skill level 14 in Spellcasting
 10398 | D:9      | Found Gokh's Assorted Antiques.
 10558 | D:9      | Found a stormy altar of Qazlal.
 10632 | D:9      | Reached skill level 5 in Fighting
 10725 | D:9      | Noticed a two-headed ogre
 10753 | D:9      | Killed a two-headed ogre
 10754 | D:9      | Reached XP level 11. HP: 34/63 MP: 23/31
 10956 | D:9      | Noticed Erica
 10969 | D:9      | Killed Erica
 10976 | D:9      | Offered knowledge of Searing Ray by Vehumet.
 11476 | D:9      | Reached *** piety under Vehumet
 11477 | D:9      | Reached skill level 15 in Spellcasting
 11615 | D:9      | Found a staircase to the Lair.
 11682 | D:10     | Entered Level 10 of the Dungeon
 11685 | D:10     | Noticed a two-headed ogre
 11694 | D:10     | Killed a two-headed ogre
 11704 | D:10     | Offered knowledge of Ignite Poison by Vehumet.
 11859 | D:10     | Found a burning altar of Makhleb.
 11942 | D:10     | Noticed a two-headed ogre
 11954 | D:10     | Killed a two-headed ogre
 11960 | D:10     | Reached skill level 16 in Spellcasting
 12616 | D:11     | Learned a level 3 spell: Swiftness
 12623 | D:11     | Noticed a two-headed ogre
 12633 | D:11     | Noticed a two-headed ogre
 12680 | D:11     | Killed a two-headed ogre
 12685 | D:11     | Killed a two-headed ogre
 12751 | D:11     | Noticed Lodul
 12761 | D:11     | Noticed a two-headed ogre
 12766 | D:11     | Killed Lodul
 12767 | D:11     | Reached XP level 12. HP: 36/68 MP: 19/34
 12772 | D:11     | Killed a two-headed ogre
 12773 | D:11     | Reached skill level 5 in Armour
 12776 | D:11     | Noticed a two-headed ogre
 12777 | D:11     | Noticed a two-headed ogre
 12783 | D:11     | Killed a two-headed ogre
 12917 | D:11     | Killed a two-headed ogre
 12918 | D:11     | Reached skill level 1 in Shields
 12918 | D:11     | Reached skill level 10 in Conjurations
 13185 | D:11     | Reached skill level 17 in Spellcasting
 13289 | D:11     | Reached **** piety under Vehumet
 13686 | D:12     | Found a staircase to the Orcish Mines.
 13724 | D:12     | Offered knowledge of Sticky Flame by Vehumet.
 14080 | D:12     | Noticed a two-headed ogre
 14094 | D:12     | Killed a two-headed ogre
 14356 | D:12     | Noticed a four-headed hydra
 14368 | D:12     | Killed a four-headed hydra
 14543 | D:12     | Reached skill level 10 in Fire Magic
 14923 | D:13     | Noticed a tengu warrior
 14934 | D:13     | Killed a tengu warrior
 14943 | D:13     | Reached skill level 18 in Spellcasting
 14980 | D:13     | Noticed a catoblepas
 15176 | D:12     | Killed a catoblepas
 15295 | D:13     | Noticed a centaur warrior
 15315 | D:13     | Killed a centaur warrior
 15454 | D:13     | Noticed a centaur warrior
 15466 | D:13     | Killed a centaur warrior
 15598 | D:13     | Noticed a centaur warrior
 15610 | D:13     | Killed a centaur warrior
 15611 | D:13     | Reached XP level 13. HP: 72/72 MP: 25/37
 15677 | D:13     | Found Ipoo's Antique Weapon Boutique.
 16118 | Lair:1   | Entered Level 1 of the Lair of Beasts
 17166 | Lair:2   | Found a staircase to the Shoals.
 17575 | Lair:2   | Reached skill level 19 in Spellcasting
 17783 | Lair:2   | Found a staircase to the Snake Pit.
 18032 | Lair:2   | Noticed Nergalle
 18044 | Lair:2   | Killed Nergalle
 19739 | Lair:4   | Reached ***** piety under Vehumet
 19739 | Lair:4   | Offered knowledge of Hailstorm by Vehumet.
 20148 | Lair:4   | Reached skill level 20 in Spellcasting
 20622 | Lair:5   | Reached XP level 14. HP: 77/80 MP: 38/40
 21237 | Lair:6   | Entered Level 6 of the Lair of Beasts
 21518 | Lair:6   | Demolished by a blink frog

Illustrated notes

Levels and vault maps discovered:
D:1:      nicolae_arrival_kraken_aquarium_b, layout_loops_cross,
          chequers_ecumenical_altar_island, serial_shops,
          nicolae_shop_hallway_stairs
D:2:      layout_basic, uniq_jessica, uniq_sigmund
D:3:      layout_loops_corners, nicolae_yredelemnul_corpse_copse,
          ebering_ghost_sewer_f, kennysheep_decorative_pillar
D:4:      layout_loops_ring, overflow_temple_1_default, tgw_kikubaaqudgha,
          minmay_distorted
D:5:      cheibrodos_iron_armory, layout_loops_corners, serial_shops, shop,
          portal_sewer_entry_e, guppyfry_early_orc_mine, uniq_duvessa
D:6:      layout_rooms, minmay_temple_entry_trees, kennysheep_nondescript,
          amethyst_killhole
D:7:      layout_rooms, ashenzari_conservatory_becter
D:8:      layout_gridville, kennysheep_generic_room_13, uniq_harold
D:9:      layout_big_octagon, nicolae_qazlal_scattered_showers,
          grunt_lair_entry_orc_guard_hut, serial_shops, shop, uniq_erica
D:10:     layout_cave_pools, lemuel_tele_altar
D:11:     layout_long_grid, serial_bayou_pond_a, uniq_lodul
D:12:     layout_rooms, minmay_orc_entry_temple_small, grunt_decor_arrowhead
D:13:     layout_roguey, serial_shops, kennysheep_mini_moat,
          kennysheep_just_a_vault
Temple:   nicolae_temple_elliptical
Lair:1:   layout_layer_cave
Lair:2:   wander_river, layout_gridlike, minmay_shoals_entry_centaurs,
          minmay_snake_entry_guardpost_small, grunt_megastairs_4,
          lemuel_fruit_tree, uniq_nergalle
Lair:3:   layout_cellular_growth, serial_bayou_shore_a, grunt_megastairs_3
Lair:4:   layout_roguey, lemuel_fruit_fields, infiniplex_staircase_pool
Lair:5:   layout_concentric_octagons, infiniplex_staircase_pool_2,
          serial_bayou_shore_b
Lair:6:   minmay_lair_end_frog_pond, layout_regular_city,
          minmay_slime_entry_oklob_enclosed, st_stairs_12,
          cheibrodos_lair_lostbears

Skill      XL: |  1  2  3  4  5  6  7  8  9 10 11 12 13 14 |
---------------+-------------------------------------------+-----
Spellcasting   | 5 6 7 9 10 12 14 16 18 20 | 20.8
Fighting       | 1 2 3 5 6 |  6.0
Conjurations   | 2 3 4 5 7 8 9 11 12 | 12.7
Armour         | 1 2 3 4 5 6 |  6.0
Dodging        | 3 |  3.0
Stealth        | 3 |  3.3
Fire Magic     | 1 2 4 6 7 9 10 11 12 | 12.1
Evocations     | 1 |  1.0
Air Magic      | 1 |  1.0
Poison Magic   | 1 |  1.2
Shields        | 3 4 |  4.0
Summonings     | |  1.1
Translocations | |  1.1

Action                   |  1- 3 |  4- 6 |  7- 9 | 10-12 | 13-15 || total
-------------------------+-------+-------+-------+-------+-------++-------
Melee: Dagger            |     4 |    34 |    95 |   203 |       ||   336
       Punch             |       |     1 |     2 |     3 |     1 ||     7
       Staff             |       |       |       |       |    12 ||    12
 Cast: Magic Dart        |    94 |    86 |   147 |   131 |    23 ||   481
       Mephitic Cloud    |       |     5 |    28 |    86 |    21 ||   140
       Conjure Flame     |       |     2 |    23 |    77 |    17 ||   119
       Call Imp          |       |     1 |     6 |    12 |     1 ||    20
       Blink             |       |       |    10 |     8 |     5 ||    23
       Flame Wave        |       |       |       |    53 |   103 ||   156
Evoke: Wand              |       |       |     9 |     6 |     8 ||    23
  Use: Potion            |       |       |       |     1 |       ||     1
       Scroll            |       |       |       |       |    13 ||    13
 Stab: Sleeping          |       |     6 |       |       |       ||     6
       Confused          |       |       |     6 |    24 |     1 ||    31
Armor: Robe              |     1 |     4 |       |       |       ||     5
       Leather armour    |       |    11 |    44 |    57 |       ||   112
       Troll leather arm |       |       |       |    41 |    27 ||    68
       Steam dragon scal |       |       |       |       |   178 ||   178
Dodge: Dodged            |     4 |    23 |    79 |   205 |   154 ||   465
       Repelled          |       |       |       |     5 |       ||     5

Table legend: (Time is in decaauts)
 A = Elapsed time spent in this place.
 B = Non-inter-level travel time spent in this place.
 C = Inter-level travel time spent in this place.
 D = Time resting spent in this place.
 E = Time spent auto-exploring this place.
 F = Levels seen in this place.
 G = Mean time per level.
                   A        B        C        D        E       F      G
               +--------+--------+--------+--------+--------+-----+--------+
         Total |  21623 |  20594 |   1029 |   1603 |  14944 |  21 | 1029.7 |
       Dungeon |  15667 |  14926 |    741 |   1288 |  10503 |  13 | 1205.2 |
        Temple |    122 |     85 |     37 |      0 |     35 |   1 |  122.0 |
          Lair |   5455 |   5205 |    250 |    315 |   4103 |   6 |  909.2 |
         Sewer |    378 |    378 |      0 |      0 |    302 |   1 |  378.0 |
               +--------+--------+--------+--------+--------+-----+--------+

Top non-repeatable levels by time:
     D:6: 1831 daAuts
     D:9: 1456 daAuts
     D:5: 1451 daAuts
    D:12: 1337 daAuts
     D:1: 1261 daAuts
    D:11: 1247 daAuts
     D:3: 1198 daAuts
  Lair:2: 1172 daAuts
     D:2: 1160 daAuts
  Lair:3: 1150 daAuts
     D:4: 1108 daAuts
  Lair:4: 1063 daAuts
  Lair:1: 1045 daAuts
     D:7: 1034 daAuts
     D:8: 1011 daAuts
